 Seeded DCSS version 0.29.1 (webtiles) character file.

Game seed: 9708579739092153053 (custom seed)

49 GigaChad the Shield-Bearer (level 3, -1/33 HPs)
             Began as a Minotaur Fighter on Sept 14, 2022.
             Slain by an orc
             ... wielding a +0 hand axe
              (4 damage)
             ... on level 3 of the Dungeon.
             The game lasted 00:03:28 (1855 turns).

GigaChad the Shield-Bearer (Minotaur Fighter)       Turns: 1855, Time: 00:03:28

Health: -1/33      AC: 11    Str: 24    XL:     3   Next: 51%
Magic:  2/2        EV:  6    Int:  5    God:
Gold:   114        SH:  4    Dex:  9    Spells: 2/2 levels left

rFire   . . .      SeeInvis .   k - +7 mace of the Maze {spect, rPois Will+ Str+2}
rCold   . . .      Faith    .   c - +0 buckler
rNeg    . . .      Spirit   .   j - +0 plate armour
rPois   +          Reflect  .   (helmet restricted)
rElec   .          Harm     .   (no cloak)
rCorr   .          Rampage  .   (no gloves)
Will    +....                   (no boots)
Stlth   ..........              (no amulet)
HPRegen 0.11/turn               (no ring)
MPRegen 0.08/turn               (no ring)

@: no status effects
A: horns 2, retaliatory headbutt
a: no special abilities


You were on level 3 of the Dungeon.
You visited 1 branch of the dungeon, and saw 3 of its levels.

You collected 114 gold pieces.

Inventory:

Hand Weapons
 a - a +0 long sword
 k - the +7 mace of the Maze (weapon) {spect, rPois Will+ Str+2}
   (You found it on level 2 of the Dungeon)

   When its wielder attacks, the weapon's spirit leaps out and strikes again.
   The spirit shares a part of any damage it takes with its wielder.
   Str:       It affects your strength (+2).
   rPois:     It protects you from poison.
   Will:      It increases your willpower.
Armour
 b - a +0 scale mail
 c - a +0 buckler (worn)
 j - a +0 plate armour (worn)
Scrolls
 f - a scroll of blinking {unknown}
 g - a scroll of identify
 h - 2 scrolls of teleportation
 l - a scroll of noise {unknown}
 n - a scroll of fear
Potions
 d - a potion of might
 e - a potion of curing {unknown}
 i - a potion of brilliance {unknown}
 m - a potion of haste {unknown}


   Skills:
 + Level 4.0 Fighting
 + Level 3.1 Long Blades
 + Level 4.0 Armour
 + Level 0.7 Dodging
 + Level 4.2 Shields


You had 2 spell levels left.
You didn't know any spells.
Your spell library contained the following spells:

 Spells                   Type           Power      Damage    Failure   Level
 Necrotise                Necr           0%         1d4       100%        1
 Vampiric Draining        Necr           0%         2d6       100%        3
 Agony                    Necr           0%         N/A       100%        5


Dungeon Overview and Level Annotations

Branches:
Dungeon (3/15)

Altars:


Innate Abilities, Weirdness & Mutations

You have a pair of horns on your head.
You reflexively headbutt those who attack you in melee.


Message History

The goblin hits you but does no damage.
You sock the goblin!
You kill the goblin!
You see here a +0 club.
A bat comes into view.
A bat is nearby!
A bat is nearby!
The bat barely misses you.
You miss the bat. You headbutt the bat.
You kill the bat!
Found a scroll of identify.
An orc, an orc priest and a hobgoblin come into view.
The orc priest is wielding a +2 whip of freezing.
Found a stone staircase leading down.
The hobgoblin shouts!
The orc priest mumbles some strange prayers to Beogh against you.
Beogh smites you!
An orc comes into view. It is wielding a +0 hand axe.
The orc shouts!
An orc comes into view. It is wielding a +1 vorpal falchion.
The orc shouts!
The orc priest calls down the wrath of Beogh upon you.
Pain shoots through your body! The orc completely misses you.
The orc hits you with a +0 hand axe.
* * * LOW HITPOINT WARNING * * *
The orc priest hits you with a +2 whip of freezing.
* * * LOW HITPOINT WARNING * * *
The orc priest freezes you.
* * * LOW HITPOINT WARNING * * *
You block the orc's attack.
You thump the orc priest!
The orc priest is severely wounded.
Your +7 mace of the Maze {spect, rPois Will+ Str+2} hits the orc priest!
You kill the orc priest!
The orc hits you but does no damage. x2; The orc hits you with a +0 flail.
* * * LOW HITPOINT WARNING * * *
The hobgoblin hits you.
* * * LOW HITPOINT WARNING * * *
The orc hits you with a +0 hand axe.
You die...

# ########### ##
..........##########.
# #.............. ...
##.#.#######.##.
##..#####....# #.###
......oo..#..### ...
# #.#>.o@g........
....#
#.###(..............#
#?####.#####.#### #.#
#..# #. #.# #.# #..
.# ### ### #.. #.# #


You could see 3 orcs, a hobgoblin and a friendly +7 mace of the Maze {spect,
rPois Will+ Str+2} (summoned).

Vanquished Creatures
  An orc priest (D:3)
  2 worms
  2 ball pythons
  3 bats
  2 endoplasms (D:1)
  2 giant cockroaches
  8 goblins
  3 hobgoblins (D:1)
  8 jackals
  A quokka (D:1)
  2 frilled lizards
  3 kobolds
  A rat (D:1)
38 creatures vanquished.

Notes
Turn   | Place    | Note
-------+----------+-------------------------------------------
     0 | D:1      | GigaChad the Minotaur Fighter began the quest for the Orb.
     0 | D:1      | Reached XP level 1. HP: 19/19 MP: 0/0
   334 | D:1      | Reached XP level 2. HP: 27/27 MP: 1/1
   335 | D:1      | Found a faded altar of an unknown god.
   897 | D:2      | Reached XP level 3. HP: 29/33 MP: 2/2
  1296 | D:2      | Identified the +7 mace of the Maze {spect, rPois Will+
                  | Str+2}
  1855 | D:3      | Slain by an orc

Illustrated notes

Levels and vault maps discovered:
D:1:      matt_arrival_spirals, layout_loops_ring,
          chequers_ecumenical_altar_island, chequers_serial_rivers_room_b,
          minmay_misc_feat_nine_boxes
D:2:      layout_basic, chequers_serial_rivers_small_3
D:3:      layout_loops_ring

Skill      XL: |  1  2  3 |
---------------+----------+-----
Armour         | 4 |  4.0
Shields        | 4 |  4.2
Long Blades    | 3 |  3.1
Fighting       | 4 |  4.0
Dodging        | |  0.7

Action                   || total
-------------------------++-------
Melee: Long sword        ||    63
       Headbutt          ||    10
       Mace              ||    15
  Use: Scroll            ||     3
Armor: Scale mail        ||    52
       Plate armour      ||    10
Dodge: Dodged            ||    75
Block: Buckler           ||    42
